Workbook
Name \0: #REF!
Name \0: #REF!
Name \0: #REF!
Name \0: #REF!
Name \0: #REF!
Name \a: #REF!
Name \a: #REF!
Name \a: #REF!
Name \a: #REF!
Name \a: #REF!
Name __________________________________________________i1: #REF!
Name __________________________________________________i1: #REF!
Name __________________________________________________i1: #REF!
Name __________________________________________________i1: #REF!
Name __________________________________________________i1: #REF!
Name _________________________________________________i1: #REF!
Name _________________________________________________i1: #REF!
Name _________________________________________________i1: #REF!
Name ________________________________________________i1: #REF!
Name _______________________________________________i1: #REF!
Name ______________________________________________i1: #REF!
Name _____________________________________________i1: #REF!
Name ____________________________________________i1: #REF!
Name ___________________________________________i1: #REF!
Name __________________________________________i1: #REF!
Name _________________________________________i1: #REF!
Name ________________________________________i1: #REF!
Name _______________________________________i1: #REF!
Name ______________________________________i1: #REF!
Name _____________________________________i1: #REF!
Name ____________________________________i1: #REF!
Name ___________________________________i1: #REF!
Name __________________________________i1: #REF!
Name _________________________________i1: #REF!
Name ________________________________i1: #REF!
Name _______________________________i1: #REF!
Name ______________________________i1: #REF!
Name _____________________________i1: #REF!
Name ____________________________i1: #REF!
Name ___________________________i1: #REF!
Name __________________________i1: #REF!
Name _________________________i1: #REF!
Name ________________________i1: #REF!
Name _______________________i1: #REF!
Name ______________________i1: #REF!
Name _____________________i1: #REF!
Name ____________________i1: #REF!
Name ___________________i1: #REF!
Name __________________AFC1: #REF!
Name __________________AFC3: #REF!
Name __________________AFC5: #REF!
Name __________________BGC1: #REF!
Name __________________BGC3: #REF!
Name __________________BGC5: #REF!
Name __________________CAC1: #REF!
Name __________________CAC3: #REF!
Name __________________CAC5: #REF!
Name __________________i1: #REF!
Name __________________MA2: #REF!
Name __________________SBC1: #REF!

Sheet M.O.
B1: MANO DE OBRAS
A2: 1 | B2: CODIGO | C2: CLAVE | D2: DESCRIPCIÓN | E2: SALARIO MENSUAL | F2: VALOR DIA | G2: VALOR HORA | H2: FACTOR PRESTACIONAL | I2: VALOR DIA CON PRESTACIONES | J2: VALOR HORA CON PRESTACIONES | K2: OBSERVACIONES
C3: AYUOC | D3: Ayudante Obra Civil | E3: 1491774.4 | F3: =+E3/30 -> 49725.815 | G3: =+F3/8 -> 6215.7269 | H3: 0.642 | I3: =+F3*(1+H3) -> 81649.788 | J3: =+G3*(1+H3) -> 10206.223 | K3: Salarios a 2021
C4: AYEOC | D4: Ayudante Entendido Obra Civil | E4: 2174895.1 | F4: =+E4/30 -> 72496.505 | G4: =+F4/8 -> 9062.0631 | H4: 0.5959 | I4: =+F4*(1+H4) -> 115697.17 | J4: =+G4*(1+H4) -> 14462.147 | K4: Salarios a 2021
C5: OFFOC | D5: Oficial Obra Civil | E5: 2858197.5 | F5: =+E5/30 -> 95273.252 | G5: =+F5/8 -> 11909.156 | H5: 0.573 | I5: =+F5*(1+H5) -> 149864.82 | J5: =+G5*(1+H5) -> 18733.103 | K5: Salarios a 2021
C6: TOPO | D6: Topografo | E6: =+E3*2 -> 2983548.9 | F6: =+E6/30 -> 99451.63 | G6: =+F6/8 -> 12431.454 | H6: =+H5 -> 0.573 | I6: =+F6*(1+H6) -> 156437.41 | J6: =+G6*(1+H6) -> 19554.677 | K6: Salarios a 2021
C7: AUXTOP | D7: Auxiliar de Topografia | E7: =+E3*1.5 -> 2237661.7 | F7: =+E7/30 -> 74588.722 | G7: =+F7/8 -> 9323.5903 | H7: =+H6 -> 0.573 | I7: =+F7*(1+H7) -> 117328.06 | J7: =+G7*(1+H7) -> 14666.008 | K7: Salarios a 2021
C8: CADTOP | D8: Cadenero de Topografia | E8: =+E3*1 -> 1491774.4 | F8: =+E8/30 -> 49725.815 | G8: =+F8/8 -> 6215.7269 | H8: =+H3 -> 0.642 | I8: =+F8*(1+H8) -> 81649.788 | J8: =+G8*(1+H8) -> 10206.223 | K8: Salarios a 2021
D9: Encargado de obra | E9: 3416057.8 | F9: =+E9/30 -> 113868.59 | G9: =+F9/8 -> 14233.574 | H9: 0.504 | I9: =+F9*(1+H9) -> 171258.36 | J9: =+G9*(1+H9) -> 21407.295 | K9: Salarios a 2021

Sheet Recurso a Administrar 
A2: CÓDIGO CONTRATACION:
A3: REALIZAR LAS OBRAS DE MANTENIMIENTO EN DIFERENTES INSTITUCIONES EDUCATIVAS DEL MUNICIPIO DE ENVIGADO, CON ÉNFASIS EN LAS INSTITUCIONES EDUCATIVAS HOGAR INFANTIL MICHÍN Y LETICIA ARANGO
A5: ITEM | B5: DESCRIPCION | C5: UNIDAD | D5: CANTIDAD | E5: VALOR UNITARIO | F5: VALOR TOTAL
B6: INSTITUCIÓN EDUCATIVA LETICIA ARANGO | F6: =+F7+F82 -> 5.3642008e+08
A7: 1 | B7: PISO 1 | F7: =+F8+F15+F19+F46+F48 -> 271751918
A8: 1.1 | B8: PRELIMINARES Y DEMOLICIONES | F8: =SUM(F9:F14) -> 58146570
A9: 1.1.1 | B9: Cerramiento provisional en tela verde sarán con una altura de 2,10 m. Incluye el suministro, transporte e instalación de la tela cerramiento, apoyos con larguero de madera común y el mantenimiento para garantizar su estabilidad durante el tiempo que dure la ejecución de la obra; Este ítem se relacionara para pago una sola vez y su implementación será en los frentes previamente indicados y autorizados por la interventoría y/o la supervisión de la entidad contratante. | C9: m | D9: 50 | E9: 29397 | F9: =+D9*E9 -> 1469850
A10: 1.1.2 | B10: Suministro, transporte e instalación de protección con polisombra para aislar el desprendiemiento de mortero cielo falso en la parte interna de los ventanales y puerta vidrieras. Incluye estructura soporte con largueros, canecas rellenas y elementos de fijación para la polisombra. Incluye suministro, transporte e instalación de los materiales necesarios para su correcta ejecución y funcionamiento. | C10: m2 | D10: 100 | E10: 28622 | F10: =+D10*E10 -> 2862200
A11: 1.1.3 | B11: Suministro, transporte e instalación de estibas en madera sobre piso como protección contra caidas de cielo falso en mortero. | C11: m2 | D11: 200 | E11: 47371 | F11: =+D11*E11 -> 9474200
A12: 1.1.4 | B12: Desmonte y reinstalación de elementos como (ventanas, puertas vidrieras, puertas metálicas o madera) durante las actividades propias de la actividad principal, elementos de diferentes tamaños. Incluye transportes internos desde y hacia bodega. | C12: un | D12: 10 | E12: 111532 | F12: =+D12*E12 -> 1115320
A13: 1.1.5 | B13: Desmonte y retiro de casetón en madera. Incluye todas las aristas/caras del casetón y elementos de protección, andamios certificados, equipos de seguridad, empacada de escombros en costales, limpieza de superficie, transporte interno, cargue, transporte y botada de escombros en botaderos oficiales o el sitio que indique la interventoría. | C13: m2 | D13: 665 | E13: 28518 | F13: =D13*E13 -> 18964470
A14: 1.1.6 | B14: Demolición y retiro de cielos en mortero, espesor hasta 5cm. Incluye andamios certificados y elementos de protección, equipos de seguridad, empacada de escombros en costales, cargue, transporte y botada de escombros en botaderos oficiales y la recuperación de los materiales aprovechables y/o su transporte hasta la bodega o el sitio que indique la interventoría. | C14: m2 | D14: 665 | E14: 36482 | F14: =D14*E14 -> 24260530
A15: 1.2 | B15: MAMPOSTERIA, CIELOS, ASEOS Y LAVADOS | F15: =SUM(F16:F18) -> 86066960
A16: 1.2.1 | B16: Aplicación de PINTURA A BASE DE AGUA EN CIELOS, CON VINILO TIPO 1 de primera calidad sobre cielos revocados y/o estucados, tres manos o las necesarias hasta obtener una superficie pareja y homogénea, incluye resanes, tapa poros en estuco plástico tipo plastestuco o similar diluido en agua proporción 1:2, andamios certificados, carton y plastico para protección de piso, equipos de seguridad, adecuación de la superficie a intervenir hasta obtener una superficie pareja y homogénea, color a definir según aprobación de la interventoría. | C16: m2 | D16: 665 | E16: 22912 | F16: =D16*E16 -> 15236480
A17: 1.2.2 | B17: Suministro, transporte y colocación de cielo falso en drywall. Incluye, placa yeso 1/2", masillado, pintura de fondeo, perfilería de aluminio para soporte con distancia de 61 cm, chazos, cintas, ángulos, cortes, andamios, canes y todo los demás elementos necesario para su correcta instalación y funcionamiento. Entrega a satisfacción. | C17: m2 | D17: 665 | E17: 92232 | F17: =D17*E17 -> 61334280
A18: 1.2.3 | B18: Aseo general de la superficie. Incluye todos los elementos e insumos para su correcta ejecución. Entrega a satisfacción. | C18: m2 | D18: 665 | E18: 14280 | F18: =D18*E18 -> 9496200
A19: 1.3 | B19: REDES HIDROSANITARIAS Y RCI | F19: =SUM(F20:F45) -> 52053075
A20: 1.3.1 | B20: Retiro y reinstalacion de sensores de humo. | C20: un | D20: 9 | E20: 134248 | F20: =D20*E20 -> 1208232
A21: 1.3.2 | B21: Retiro y reinstalacion de rociadores del sistema de red contraincendio | C21: un | D21: 19 | E21: 172410 | F21: =D21*E21 -> 3275790
A22: 1.3.3 | B22: Suministro, transporte e instalación de valvulas de 1 1/2" para RCI | C22: un | D22: 10 | E22: 205747 | F22: =D22*E22 -> 2057470
A23: 1.3.4 | B23: Suministro, transporte e instalación de cheque cortina 2" para RCI | C23: un | D23: 10 | E23: 189265 | F23: =D23*E23 -> 1892650
A24: 1.3.5 | B24: Suministro, transporte e instalación de valvula mariposa de 2" para RCI | C24: un | D24: 1 | E24: 1466445 | F24: =D24*E24 -> 1466445
A25: 1.3.6 | B25: Suministro, transporte e instalación de cupling ranurado de 1 1/2" para RCI | C25: m | D25: 10 | E25: 71462 | F25: =D25*E25 -> 714620
A26: 1.3.7 | B26: Suministro, transporte e instalación de tuberia ash 10 1 1/2" para RCI | C26: m | D26: 40 | E26: 98329 | F26: =D26*E26 -> 3933160
A27: 1.3.8 | B27: Suministro, transporte e instalación de tuberia ash 10 2" para RCI | C27: m | D27: 60 | E27: 140009 | F27: =D27*E27 -> 8400540
A28: 1.3.9 | B28: Pruebas de presion 200 PSI para RCI | C28: un | D28: 1 | E28: 1445552 | F28: =D28*E28 -> 1445552
A29: 1.3.10 | B29: Verificación de cambios de tubería RCI | C29: un | D29: 1 | E29: 4924916 | F29: =D29*E29 -> 4924916
A30: 1.3.11 | B30: Retiro y reinstalación de tubería RCI de cualquier diámetro. Incluye todo lo necesario para us correcta instalación | C30: m | D30: 80 | E30: 86578 | F30: =D30*E30 -> 6926240
A31: 1.3.12 | B31: Bateria para Red Contraincendios | C31: un | D31: 2 | E31: 407492 | F31: =D31*E31 -> 814984
... A45: 1.3.26 | B45: Suministro, transporte e Instalación de tubería PVC-P, RDE 21, 200 PSI, diámetro 3", incluye todos los accesorios en PVC de diámetro 3" incluyendo todos los accesorios reducidos que se requieran para su correcta instalación. Estos deberán estar correctamente pegados usando limpiador, soldadura y teflón apropiados, sin presentar fugas, fisuras o cualquier otra clase de anomalía. Se debe garantizar la correcta instalación y funcionamiento. | C45: m | D45: 20 | E45: 86415 | F45: =D45*E45 -> 1728300
A46: 1.4 | B46: TRANSPORTES Y RETIROS | F46: =SUM(F47:F47) -> 2981750
A47: 1.4.1 | B47: Disposición final de material sobrante proveniente de las demoliciones en botadero certificado, incluye transporte en volqueta, cargue con paleros y derechos. | C47: m3 | D47: 50 | E47: 59635 | F47: =D47*E47 -> 2981750
A48: 1.5 | B48: REDES ELÉCTRICAS | F48: =SUM(F49:F81) -> 72503563
A49: 1.5.1 | B49: Retiro de cableado eléctrico de cualquier material y calibre, incluye el reintegro donde la interventoría lo indique. | C49: m | D49: 500 | E49: 2300 | F49: =D49*E49 -> 1150000
A50: 1.5.2 | B50: Suministro, transporte e instalación de tubería PVC de 3/4" por piso, muro y/o buitrón. Incluye , pega PVC más limpiador, curvas, adaptadores, y demás elementos necesarios para su correcta instalación. | C50: m | D50: 50 | E50: 16792 | F50: =D50*E50 -> 839600
A51: 1.5.3 | B51: Suministro, transporte e instalación de tubería PVC de 1" por piso, muro y/o buitrón. Incluye, pega PVC más limpiador, curvas, adaptadores, y demás elementos necesarios para su correcta instalación. | C51: m | D51: 15 | E51: 20508 | F51: =D51*E51 -> 307620
A52: 1.5.4 | B52: Suministro, transporte e instalación de tubería EMT de 1/2" de diámetro. Incluye: marcación de color naranja (RGB DECIMAL 255, 120) con autoadhesivo de PVC de alta resistencia y durabilidad, la franja debe ser mínimo de 10cm de ancho, accesorios de conexión (uniones, curvas, entrada a caja, grapas doble alas pared gruesa, tornillo metálico expansivo) y todos los elementos necesarios para su correcta fijación e instalación según la normatividad vigente y puesta segura en servicio. | C52: m | D52: 25 | E52: 18641 | F52: =D52*E52 -> 466025
A53: 1.5.5 | B53: Suministro, transporte e instalación de tubería EMT de 3/4" de diámetro. Incluye: marcación de color naranja (RGB DECIMAL 255, 120) con autoadhesivo de PVC de alta resistencia y durabilidad, la franja debe ser mínimo de 10cm de ancho, accesorios de conexión (uniones, curvas, entrada a caja, grapas doble alas pared gruesa, tornillo metálico expansivo) y todos los elementos necesarios para su correcta fijación e instalación según la normatividad vigente y puesta segura en servicio. | C53: m | D53: 25 | E53: 20111 | F53: =D53*E53 -> 502775
A54: 1.5.6 | B54: Suministro, transporte e instalación de tubería EMT de 1" de diámetro. Incluye: marcación de color naranja (RGB DECIMAL 255, 120) con autoadhesivo de PVC de alta resistencia y durabilidad, la franja debe ser mínimo de 10cm de ancho, accesorios de conexión (uniones, curvas, entrada a caja, grapas doble alas pared gruesa, tornillo metálico expansivo) y todos los elementos necesarios para su correcta fijación e instalación según la normatividad vigente y puesta segura en servicio. | C54: m | D54: 25 | E54: 29152 | F54: =D54*E54 -> 728800
A55: 1.5.7 | B55: Desmonte y reinstalación de canastilla metálica dimensiones variables, para energía o redes de datos, galvanizada, cambios de dirección como: curvas verticales y horizantales, codos, tees y reducciones. Incluye resanes en mortero 1:5 y demás accesorios necesarios para su correcta instalación. Incluye transportes internos desde y hacia bodega. | C55: m | D55: 60 | E55: 58513 | F55: =D55*E55 -> 3510780
A56: 1.5.8 | B56: Suministro e Instalación de Salida para Suiche Doble, por tuberías metálicas EMT de 3/4", con todos sus accesorios de entradas a caja, de unión, cambio de dirección y anclaje con grapa galvanizada, chazo y tornillo. Cable No.12 AWG 75° 600V LSHF .NOTA: cada salida tendrá un desarrollo de 3 metros en tubería y cable . | C56: un | D56: 6 | E56: 157729 | F56: =D56*E56 -> 946374
A57: 1.5.9 | B57: Suministro transporte e instalación de salida eléctrica para toma doble normal 15 A, NEMA 5-15R, por tubo PVC de 3/4”, cables 3Nº12 AWG, caja 4x4, y sus demás accesorios para su correcta instalación. NOTA: cada salida tendrá un desarrollo de 3 metros en tubería y cable . | C57: un | D57: 65 | E57: 147581 | F57: =D57*E57 -> 9592765
A58: 1.5.10 | B58: Suministro transporte e instalación de salida eléctrica para toma doble regulado color naranja 15 A, NEMA 5-15R, por tubo EMT de 3/4", cables 3Nº12 AWG, caja 12x5, incluye todos los accesorios para su correcta instalación. NOTA: cada salida tendrá un desarrollo de 3 metros en tubería y cable. | C58: un | D58: 3 | E58: 171889 | F58: =D58*E58 -> 515667
A59: 1.5.11 | B59: Suministro transporte e instalación de salida eléctrica para toma doble GFCI, 15 A, NEMA 5-15R, por tubo pvc de 3/4", cables 3Nº12 AWG, caja 4x4, incluye todos los accesorios para su correcta instalación. NOTA: cada salida tendrá un desarrollo de 3 metros en tubería y cable . | C59: un | D59: 2 | E59: 224597 | F59: =D59*E59 -> 449194
A60: 1.5.12 | B60: Suministro transporte e instalación de salida eléctrica para toma doble NORMAL para iluminación, 15 A, NEMA 5-15R, por tubo EMT3/4", cables 3Nº12 AWG, caja 12x5, incluye todos los accesorios para su correcta instalación. NOTA: cada salida tendrá un desarrollo de 3 metros en tubería y cable . | C60: un | D60: 3 | E60: 151054 | F60: =D60*E60 -> 453162
... A81: 1.5.33 | B81: Suministro, transporte e instalación de cuelga en guaya 1/8" para luminaria led de 60x60 cm 50W. Incluye los elementos necesarios para su correcta instalación y funcionamiento. | C81: un | D81: 6 | E81: 57371 | F81: =D81*E81 -> 344226
A82: 2 | B82: PISO 2 | F82: =+F83+F89+F93+F118+F120 -> 2.6466816e+08
A83: 2.1 | B83: PRELIMINARES Y DEMOLICIONES | F83: =SUM(F84:F88) -> 53194060
A84: 2.1.1 | B84: Suministro, transporte e instalación de protección con polisombra para aislar el desprendiemiento de mortero cielo falso en la parte interna de los ventanales y puerta vidrieras. Incluye estructura soporte con largueros, canecas rellenas y elementos de fijación para la polisombra. Incluye suministro, transporte e instalación de los materiales necesarios para su correcta ejecución y funcionamiento. | C84: m2 | D84: 100 | E84: 28622 | F84: =+D84*E84 -> 2862200
A85: 2.1.2 | B85: Suministro, transporte e instalación de estibas en madera sobre piso como protección contra caidas de cielo falso en mortero. | C85: m2 | D85: 200 | E85: 47371 | F85: =+D85*E85 -> 9474200
A86: 2.1.3 | B86: Desmonte y reinstalación de elementos como (ventanas, puertas vidrieras, puertas metálicas o madera) durante las actividades propias de la actividad principal, elementos de diferentes tamaños. Incluye transportes internos desde y hacia bodega. | C86: un | D86: 5 | E86: 111532 | F86: =+D86*E86 -> 557660
A87: 2.1.4 | B87: Desmonte y retiro de casetón en madera. Incluye todas las aristas/caras del casetón y elementos de protección, andamios certificados, equipos de seguridad, empacada de escombros en costales, limpieza de superficie, transporte interno, cargue, transporte y botada de escombros en botaderos oficiales o el sitio que indique la interventoría. | C87: m2 | D87: 620 | E87: 28518 | F87: =D87*E87 -> 17681160
A88: 2.1.5 | B88: Demolición y retiro de cielos en mortero, espesor hasta 5cm. Incluye andamios certificados y elementos de protección, equipos de seguridad, empacada de escombros en costales, cargue, transporte y botada de escombros en botaderos oficiales y la recuperación de los materiales aprovechables y/o su transporte hasta la bodega o el sitio que indique la interventoría. | C88: m2 | D88: 620 | E88: 36482 | F88: =D88*E88 -> 22618840
A89: 2.2 | B89: MAMPOSTERIA, CIELOS, ASEOS Y LAVADOS | F89: =SUM(F90:F92) -> 81670880
A90: 2.2.1 | B90: Aplicación de PINTURA A BASE DE AGUA EN CIELOS, CON VINILO TIPO 1 de primera calidad sobre cielos revocados y/o estucados, tres manos o las necesarias hasta obtener una superficie pareja y homogénea, incluye resanes, tapa poros en estuco plástico tipo plastestuco o similar diluido en agua proporción 1:2, andamios certificados, carton y plastico para protección de piso, equipos de seguridad, adecuación de la superficie a intervenir hasta obtener una superficie pareja y homogénea, color a definir según aprobación de la interventoría. | C90: m2 | D90: 620 | E90: 22912 | F90: =D90*E90 -> 14205440
A91: 2.2.2 | B91: Suministro, transporte y colocación de cielo falso en drywall. Incluye, placa yeso 1/2", masillado, pintura de fondeo, perfilería de aluminio para soporte con distancia de 61 cm, chazos, cintas, ángulos, cortes, andamios, canes y todo los demás elementos necesario para su correcta instalación y funcionamiento. Entrega a satisfacción. | C91: m2 | D91: 620 | E91: 92232 | F91: =D91*E91 -> 57183840
A92: 2.2.3 | B92: Aseo general de la superficie. Incluye todos los elementos e insumos para su correcta ejecución. Entrega a satisfacción. | C92: m2 | D92: 720 | E92: 14280 | F92: =D92*E92 -> 10281600
A93: 2.3 | B93: REDES HIDROSANITARIAS Y RCI | F93: =SUM(F94:F117) -> 51102519
A94: 2.3.1 | B94: Retiro y reinstalacion de sensores de humo. | C94: un | D94: 9 | E94: 134248 | F94: =D94*E94 -> 1208232
A95: 2.3.2 | B95: Retiro y reinstalacion de rociadores del sistema de red contraincendio | C95: un | D95: 17 | E95: 172410 | F95: =D95*E95 -> 2930970
A96: 2.3.3 | B96: Suministro, transporte e instalación de valvulas de 1 1/2" para RCI | C96: un | D96: 10 | E96: 205747 | F96: =D96*E96 -> 2057470
A97: 2.3.4 | B97: Suministro, transporte e instalación de cheque cortina 2" para RCI | C97: un | D97: 10 | E97: 189265 | F97: =D97*E97 -> 1892650
A98: 2.3.5 | B98: Suministro, transporte e instalación de valvula mariposa de 2" para RCI | C98: un | D98: 1 | E98: 1466445 | F98: =D98*E98 -> 1466445
A99: 2.3.6 | B99: Suministro, transporte e instalación de cupling ranurado de 1 1/2" para RCI | C99: m | D99: 40 | E99: 71462 | F99: =D99*E99 -> 2858480
A100: 2.3.7 | B100: Suministro, transporte e instalación de tuberia ash 10 1 1/2" para RCI | C100: m | D100: 40 | E100: 98329 | F100: =D100*E100 -> 3933160
A101: 2.3.8 | B101: Suministro, transporte e instalación de tuberia ash 10 2" para RCI | C101: m | D101: 60 | E101: 140009 | F101: =D101*E101 -> 8400540
A102: 2.3.9 | B102: Pruebas de presion 200 PSI para RCI | C102: un | D102: 1 | E102: 1445552 | F102: =D102*E102 -> 1445552
A103: 2.3.10 | B103: Verificación de cambios de tubería RCI | C103: un | D103: 1 | E103: 4924916 | F103: =D103*E103 -> 4924916
A104: 2.3.11 | B104: Retiro y reinstalación de tubería RCI de cualquier diámetro. Incluye todo lo necesario para us correcta instalación | C104: m | D104: 80 | E104: 86578 | F104: =D104*E104 -> 6926240
A105: 2.3.12 | B105: Bateria para Red Contraincendios | C105: un | D105: 2 | E105: 407492 | F105: =D105*E105 -> 814984
... A117: 2.3.24 | B117: Suministro, transporte e Instalación de tubería PVC-P, RDE 21, 200 PSI, diámetro 3", incluye todos los accesorios en PVC de diámetro 3" incluyendo todos los accesorios reducidos que se requieran para su correcta instalación. Estos deberán estar correctamente pegados usando limpiador, soldadura y teflón apropiados, sin presentar fugas, fisuras o cualquier otra clase de anomalía. Se debe garantizar la correcta instalación y funcionamiento. | C117: m | D117: 20 | E117: 86415 | F117: =D117*E117 -> 1728300
A118: 2.4 | B118: TRANSPORTES Y RETIROS | F118: =SUM(F119:F119) -> 2981750
A119: 2.4.1 | B119: Disposición final de material sobrante proveniente de las demoliciones en botadero certificado, incluye transporte en volqueta, cargue con paleros y derechos. | C119: m3 | D119: 50 | E119: 59635 | F119: =D119*E119 -> 2981750
A120: 2.5 | B120: REDES ELÉCTRICAS | F120: =SUM(F121:F153) -> 75718952
A121: 2.5.1 | B121: Retiro de cableado eléctrico de cualquier material y calibre, incluye el reintegro donde la interventoría lo indique. | C121: m | D121: 500 | E121: 2300 | F121: =D121*E121 -> 1150000
A122: 2.5.2 | B122: Suministro, transporte e instalación de tubería PVC de 3/4" por piso, muro y/o buitrón. Incluye , pega PVC más limpiador, curvas, adaptadores, y demás elementos necesarios para su correcta instalación. | C122: m | D122: 50 | E122: 16792 | F122: =D122*E122 -> 839600
A123: 2.5.3 | B123: Suministro, transporte e instalación de tubería PVC de 1" por piso, muro y/o buitrón. Incluye, pega PVC más limpiador, curvas, adaptadores, y demás elementos necesarios para su correcta instalación. | C123: m | D123: 20 | E123: 20508 | F123: =D123*E123 -> 410160
A124: 2.5.4 | B124: Suministro, transporte e instalación de tubería EMT de 1/2" de diámetro. Incluye: marcación de color naranja (RGB DECIMAL 255, 120) con autoadhesivo de PVC de alta resistencia y durabilidad, la franja debe ser mínimo de 10cm de ancho, accesorios de conexión (uniones, curvas, entrada a caja, grapas doble alas pared gruesa, tornillo metálico expansivo) y todos los elementos necesarios para su correcta fijación e instalación según la normatividad vigente y puesta segura en servicio. | C124: m | D124: 25 | E124: 18641 | F124: =D124*E124 -> 466025
A125: 2.5.5 | B125: Suministro, transporte e instalación de tubería EMT de 3/4" de diámetro. Incluye: marcación de color naranja (RGB DECIMAL 255, 120) con autoadhesivo de PVC de alta resistencia y durabilidad, la franja debe ser mínimo de 10cm de ancho, accesorios de conexión (uniones, curvas, entrada a caja, grapas doble alas pared gruesa, tornillo metálico expansivo) y todos los elementos necesarios para su correcta fijación e instalación según la normatividad vigente y puesta segura en servicio. | C125: m | D125: 30 | E125: 20111 | F125: =D125*E125 -> 603330
A126: 2.5.6 | B126: Suministro, transporte e instalación de tubería EMT de 1" de diámetro. Incluye: marcación de color naranja (RGB DECIMAL 255, 120) con autoadhesivo de PVC de alta resistencia y durabilidad, la franja debe ser mínimo de 10cm de ancho, accesorios de conexión (uniones, curvas, entrada a caja, grapas doble alas pared gruesa, tornillo metálico expansivo) y todos los elementos necesarios para su correcta fijación e instalación según la normatividad vigente y puesta segura en servicio. | C126: m | D126: 10 | E126: 29152 | F126: =D126*E126 -> 291520
A127: 2.5.7 | B127: Desmonte y reinstalación de canastilla metálica dimensiones variables, para energía o redes de datos, galvanizada, cambios de dirección como: curvas verticales y horizantales, codos, tees y reducciones. Incluye resanes en mortero 1:5 y demás accesorios necesarios para su correcta instalación. Incluye transportes internos desde y hacia bodega. | C127: m | D127: 60 | E127: 58513 | F127: =D127*E127 -> 3510780
A128: 2.5.8 | B128: Suministro e Instalación de Salida para Suiche Doble, por tuberías metálicas EMT de 3/4", con todos sus accesorios de entradas a caja, de unión, cambio de dirección y anclaje con grapa galvanizada, chazo y tornillo. Cable No.12 AWG 75° 600V LSHF .NOTA: cada salida tendrá un desarrollo de 3 metros en tubería y cable . | C128: un | D128: 8 | E128: 157729 | F128: =D128*E128 -> 1261832
A129: 2.5.9 | B129: Suministro transporte e instalación de salida eléctrica para toma doble normal 15 A, NEMA 5-15R, por tubo PVC de 3/4”, cables 3Nº12 AWG, caja 4x4, y sus demás accesorios para su correcta instalación. NOTA: cada salida tendrá un desarrollo de 3 metros en tubería y cable . | C129: un | D129: 70 | E129: 147581 | F129: =D129*E129 -> 10330670
A130: 2.5.10 | B130: Suministro transporte e instalación de salida eléctrica para toma doble regulado color naranja 15 A, NEMA 5-15R, por tubo EMT de 3/4", cables 3Nº12 AWG, caja 12x5, incluye todos los accesorios para su correcta instalación. NOTA: cada salida tendrá un desarrollo de 3 metros en tubería y cable. | C130: un | D130: 4 | E130: 171889 | F130: =D130*E130 -> 687556
A131: 2.5.11 | B131: Suministro transporte e instalación de salida eléctrica para toma doble GFCI, 15 A, NEMA 5-15R, por tubo pvc de 3/4", cables 3Nº12 AWG, caja 4x4, incluye todos los accesorios para su correcta instalación. NOTA: cada salida tendrá un desarrollo de 3 metros en tubería y cable . | C131: un | D131: 1 | E131: 224597 | F131: =D131*E131 -> 224597
A132: 2.5.12 | B132: Suministro transporte e instalación de salida eléctrica para toma doble NORMAL para iluminación, 15 A, NEMA 5-15R, por tubo EMT3/4", cables 3Nº12 AWG, caja 12x5, incluye todos los accesorios para su correcta instalación. NOTA: cada salida tendrá un desarrollo de 3 metros en tubería y cable . | C132: un | D132: 2 | E132: 151054 | F132: =D132*E132 -> 302108
... A153: 2.5.33 | B153: Suministro, transporte e instalación de cuelga en guaya 1/8" para luminaria led de 60x60 cm 50W. Incluye los elementos necesarios para su correcta instalación y funcionamiento. | C153: un | D153: 6 | E153: 57371 | F153: =D153*E153 -> 344226
B154: INSTITUCIÓN EDUCATIVA MICHIN | F154: =+F155 -> 4.9340827e+08
A155: 3 | B155: PISO 1 Y PISO 2 | F155: =+F156+F163+F168+F196+F198 -> 4.9340827e+08
A156: 3.1 | B156: PRELIMINARES Y DEMOLICIONES | F156: =SUM(F157:F162) -> 87833450
A157: 3.1.1 | B157: Cerramiento provisional en tela verde sarán con una altura de 2,10 m. Incluye el suministro, transporte e instalación de la tela cerramiento, apoyos con larguero de madera común y el mantenimiento para garantizar su estabilidad durante el tiempo que dure la ejecución de la obra; Este ítem se relacionara para pago una sola vez y su implementación será en los frentes previamente indicados y autorizados por la interventoría y/o la supervisión de la entidad contratante. | C157: m | D157: 100 | E157: 29397 | F157: =+D157*E157 -> 2939700
A158: 3.1.2 | B158: Suministro, transporte e instalación de protección con polisombra para aislar el desprendiemiento de mortero cielo falso en la parte interna de los ventanales y puerta vidrieras. Incluye estructura soporte con largueros, canecas rellenas y elementos de fijación para la polisombra. Incluye suministro, transporte e instalación de los materiales necesarios para su correcta ejecución y funcionamiento. | C158: m2 | D158: 200 | E158: 28622 | F158: =+D158*E158 -> 5724400
A159: 3.1.3 | B159: Suministro, transporte e instalación de estibas en madera sobre piso como protección contra caidas de cielo falso en mortero. | C159: m2 | D159: 250 | E159: 47371 | F159: =+D159*E159 -> 11842750
A160: 3.1.4 | B160: Desmonte y reinstalación de elementos como (ventanas, puertas vidrieras, puertas metálicas o madera) durante las actividades propias de la actividad principal, elementos de diferentes tamaños. Incluye transportes internos desde y hacia bodega. | C160: un | D160: 50 | E160: 111532 | F160: =+D160*E160 -> 5576600
A161: 3.1.5 | B161: Desmonte y retiro de casetón en madera. Incluye todas las aristas/caras del casetón y elementos de protección, andamios certificados, equipos de seguridad, empacada de escombros en costales, limpieza de superficie, transporte interno, cargue, transporte y botada de escombros en botaderos oficiales o el sitio que indique la interventoría. | C161: m2 | D161: 950 | E161: 28518 | F161: =D161*E161 -> 27092100
A162: 3.1.6 | B162: Demolición y retiro de cielos en mortero, espesor hasta 5cm. Incluye andamios certificados y elementos de protección, equipos de seguridad, empacada de escombros en costales, cargue, transporte y botada de escombros en botaderos oficiales y la recuperación de los materiales aprovechables y/o su transporte hasta la bodega o el sitio que indique la interventoría. | C162: m2 | D162: 950 | E162: 36482 | F162: =D162*E162 -> 34657900
A163: 3.2 | B163: MAMPOSTERIA, CIELOS, ASEOS Y LAVADOS | F163: =SUM(F164:F167) -> 131957210
A164: 3.2.1 | B164: Aplicación de PINTURA A BASE DE AGUA EN CIELOS, CON VINILO TIPO 1 de primera calidad sobre cielos revocados y/o estucados, tres manos o las necesarias hasta obtener una superficie pareja y homogénea, incluye resanes, tapa poros en estuco plástico tipo plastestuco o similar diluido en agua proporción 1:2, andamios certificados, carton y plastico para protección de piso, equipos de seguridad, adecuación de la superficie a intervenir hasta obtener una superficie pareja y homogénea, color a definir según aprobación de la interventoría. | C164: m2 | D164: 950 | E164: 22912 | F164: =D164*E164 -> 21766400
A165: 3.2.2 | B165: Construcción de cielo en superboard 8 mm , incluye perfileria 90 mm cal 25, lana de vidrio 3, encintado, masilla súper mastic, acabado con pintura VINILO tipo 1, suministro, transporte de los materiales y todo lo necesario para su correcta instalación. Entrega a satisfacción. sistema STC 37 | C165: m2 | D165: 30 | E165: 157347 | F165: =D165*E165 -> 4720410
A166: 3.2.3 | B166: Suministro, transporte y colocación de cielo falso en drywall. Incluye, placa yeso 1/2", masillado, pintura de fondeo, perfilería de aluminio para soporte con distancia de 61 cm, chazos, cintas, ángulos, cortes, andamios, canes y todo los demás elementos necesario para su correcta instalación y funcionamiento. Entrega a satisfacción. | C166: m2 | D166: 950 | E166: 92232 | F166: =D166*E166 -> 87620400
...

Sheet AU
A1: ANALISIS DETALLADO ADMINISTRACION
A2: ITEM | B2: DESCRIPCCIÓN | C2: SALARIO BASE | D2: FACTOR PRESTACIONAL | E2: %DEDICACIÒN MENSUAL | F2: DURACION (meses) | G2: CANTIDAD | H2: VALOR TOTAL
A3: 1.0 | B3: PERSONAL PROFESIONAL Y ADMINISTRATIVOS.
A4: 1.1 | B4: Profesionales de Obra Civil
A5: 1.1.1 | B5: Director de Obra (Ingeniero Civil o Arquitecto) | C5: =+'Tabla Salarial'!F12 -> 8623706.9 | D5: ='Tabla Salarial'!B7 -> 1.582846 | E5: 0.35 | F5: 5 | G5: 1 | H5: =ROUND((C5*D5*E5*F5*G5),0) -> 23887500
A6: 1.1.2 | B6: Residente de Obra (Ingeniero Civil o Arquitecto) | C6: =+'Tabla Salarial'!F16 -> 4927832.5 | D6: ='Tabla Salarial'!B7 -> 1.582846 | E6: 1 | F6: 5 | G6: 1 | H6: =ROUND((C6*D6*E6*F6*G6),0) -> 39000000
A7: 1.1.3 | B7: Tecnólogo en seguridad social y salud en el trabajo | C7: ='Tabla Salarial'!F20 -> 2874569 | D7: ='Tabla Salarial'!B7 -> 1.582846 | E7: 1 | F7: 5 | G7: 1 | H7: =ROUND((C7*D7*E7*F7*G7),0) -> 22750000
A8: 2.0 | B8: INSTALACIONES PROVISIONALES, SEÑALIZACIÓN Y SISOMA
A9: 2.1 | B9: Gestión Social
A10: 2.1.1 | B10: Componente social (revisar subanalisis AU) | C10: ='Subanalisis AU'!G17 -> 3490000 | E10: 1 | F10: 1 | G10: 1 | H10: =ROUND((C10*E10*F10),0) -> 3490000
A11: 2.2 | B11: Señalización
A12: 2.2.1 | B12: Señalización Seguridad Industrial y Salud en el Trabajo (revisar subanalisis AU) | C12: ='Subanalisis AU'!G40 -> 11712600 | E12: 1 | F12: 1 | G12: 1 | H12: =ROUND((C12*E12*F12),0) -> 11712600
A13: 2.2.2 | B13: Plan de Manejo de Tránsito (PMT) (revisar pestaña subanalisis AU) | C13: =+'Subanalisis AU'!G84 -> 2237320 | E13: 1 | F13: 1 | G13: 1 | H13: =ROUND((C13*E13*F13),0) -> 2237320
A14: 2.3 | B14: Instalaciones provisionales
A15: 2.3.1 | B15: Alquiler de oficina tipo contenedor y/o construción de campamento | C15: 1800000 | E15: 1 | F15: 5 | G15: 1 | H15: =ROUND((C15*E15*F15*G15),0) -> 9000000
A16: 2.3.2 | B16: Servicios pùblicos y/o provisionales | C16: 1000000 | E16: 1 | F16: 5 | G16: 1 | H16: =ROUND((C16*E16*F16*G16),0) -> 5000000
A17: 2.3.3 | B17: Instalaciones electricas Provisionales | C17: 1000000 | E17: 1 | F17: 1 | G17: 1 | H17: =ROUND((C17*E17*F17*G17),0) -> 1000000
A18: 2.3.4 | B18: Instalaciones provisionales sanitarias | C18: 1000000 | E18: 1 | F18: 1 | G18: 1 | H18: =ROUND((C18*E18*F18*G18),0) -> 1000000
A19: 2.3.5 | B19: Avisos informativos de 1,80 x 3,50 | C19: 3000000 | E19: 1 | F19: 1 | G19: 0 | H19: =ROUND((C19*E19*F19*G19),0) -> 0
A20: 2.4 | B20: Papelería y Equipos de Oficina
A21: 2.4.1 | B21: Equipo o alquiler de equipo oficina (incluye escritorio, sillas o similiar) | C21: 300000 | E21: 1 | F21: 5 | G21: 1 | H21: =ROUND((C21*E21*F21),0)*G21 -> 1500000
A22: 2.4.2 | B22: Dotación oficina (fax - impresoras - computadores) | C22: 800000 | E22: 1 | F22: 5 | G22: 1 | H22: =ROUND((C22*E22*F22*G22),0) -> 4000000
A23: 2.4.3 | B23: Papelería, tinta, fotocopias, copias heliograficas, planos, ploteos, fotografías, maquetas, grabaciones y otros) | C23: 250000 | E23: 1 | F23: 5 | G23: 1 | H23: =ROUND((C23*E23*F23*G23),0) -> 1250000
A24: 2.4.4 | B24: Planes celulares | C24: 55000 | E24: 1 | F24: 5 | G24: 1 | H24: =ROUND((C24*E24*F24*G24),0) -> 275000
A25: 2.4.5 | B25: Planos record | C25: 550000 | E25: 1 | F25: 1 | G25: 5 | H25: =ROUND((C25*E25*F25*G25),0) -> 2750000
A26: 2.4.6 | B26: Elaboración de manual de operación y mantenimiento | C26: 2000000 | E26: 1 | F26: 1 | G26: 2 | H26: =ROUND((C26*E26*F26*G26),0) -> 4000000
A27: 2.4.7 | B27: Otros ( cámaras, usb) | C27: 300000 | E27: 1 | F27: 1 | G27: 1 | H27: =ROUND((C27*E27*F27),0)*G27 -> 300000
A28: 3.0 | B28: GASTOS FIJOS OFICINA
A29: 3.1 | B29: Gerente | C29: =+'Tabla Salarial'!F11 -> 11498276 | D29: 1.58 | E29: 0.1 | F29: 5 | G29: 1 | H29: =ROUND((C29*E29*F29),0)*G29 -> 5749138
A30: 3.2 | B30: Asesor contable | C30: =908526*2 -> 1817052 | D30: 1.58 | E30: 0.1 | F30: 5 | G30: 1 | H30: =ROUND((C30*E30*F30),0)*G30 -> 908526
A31: 3.4 | B31: Secretaría | C31: ='Tabla Salarial'!B6 -> 1300000 | D31: 1.58 | E31: 0.1 | F31: 5 | G31: 1 | H31: =ROUND((C31*E31*F31),0)*G31 -> 650000
A32: 3.5 | B32: Conductor | C32: 1200000 | D32: 1.58 | E32: 0.1 | F32: 5 | G32: 1 | H32: =ROUND((C32*E32*F32),0)*G32 -> 600000
A33: 3.6 | B33: Vigilante | C33: ='Tabla Salarial'!B6 -> 1300000 | D33: 1.58 | E33: 0.1 | F33: 5 | G33: 1 | H33: =ROUND((C33*E33*F33),0)*G33 -> 650000
A34: 3.7 | B34: Pago arriendo | C34: =908526*2 -> 1817052 | E34: 0.1 | F34: 5 | G34: 1 | H34: =ROUND((C34*E34*F34),0)*G34 -> 908526
A35: 3.8 | B35: Pago servicios públicos (Energia, agua y internet) | C35: 2271315 | E35: 0.1 | F35: 5 | G35: 1 | H35: =ROUND((C35*E35*F35),0)*G35 -> 1135658
A36: 3.9 | B36: Planes celurares | C36: =908526/2 -> 454263 | E36: 0.1 | F36: 5 | G36: 1 | H36: =ROUND((C36*E36*F36),0)*G36 -> 227132
A37: 3.10 | B37: Papeleria, fotocopias, equipos de computo | C37: 850000 | E37: 0.1 | F37: 5 | G37: 1 | H37: =ROUND((C37*E37*F37),0)*G37 -> 425000
A38: 4.0 | B38: BANCARIOS
A39: 4.1 | B39: Transacciones Internet (valor de transacción) | C39: 8222.33 | E39: 1 | F39: 5 | G39: 1 | H39: =ROUND((C39*E39*F39),0)*G39 -> 41112
A40: 5.0 | B40: PLAN DE GESTIÓN AMBIENTAL
A41: 5.1 | B41: Plan de gestión ambiental. (revisar pestaña subanalisis AU) | C41: =+'Subanalisis AU'!G66 -> 9457799 | E41: 1 | F41: 1 | G41: 1 | H41: =+C41*G41 -> 9457799
A42: 6.0 | B42: ENSAYOS DE LABORATORIO
A43: 6.1 | B43: Ensayos de laboratorio (incluye diseños de mezclas para concreto, fallo de cilindros de concreto, ensayo de proctor modificado, toma de densidades de campo, briquetas y ensayos de pavimentos, ensayos a bloques, ensayos a elementos prefabricados, ensayos de resistencia al acero, ensayos de elementos de estructuras metálicas, ensayos de liquidos penetrantes y todos los ensayos y diseños necesarios para la correcta ejecucion y funcionamiento de las obras. | C43: 981038 | E43: 1 | F43: 1 | G43: 1 | H43: =ROUND((C43*E43*F43),0)*G43 -> 981038
A44: 7.0 | B44: PÓLIZAS
A45: 7.1 | B45: Pólizas | E45: 0.004 | F45: 1 | G45: 1 | H45: =E45*H61 -> 5475996.1
A46: 8.0 | B46: IMPUESTOS
A47: 8.1 | B47: Estampilla universidad de Envigado | E47: 0.004 | H47: =E47*H$61 -> 5475996.1
A48: 8.2 | B48: Industria y comercio | E48: 0.007 | H48: =E48*H$61 -> 9582993.1
A49: 8.3 | B49: Impuesto pro cultura | E49: 0.005 | H49: =E49*H$61 -> 6844995.1
A50: 8.4 | B50: Impuesto pro recreación y deporte | E50: 0.003 | H50: =E50*H$61 -> 4106997.1
A51: 8.5 | B51: Estampilla adulto mayor | E51: 0.02 | H51: =E51*H$61 -> 27379980
A52: 8.6 | B52: Impuesto 4x1000 | E52: 0.004 | H52: =E52*H$61 -> 5475996.1
A53: 8.7 | B53: Contribución especial ley 1106 | E53: 0.05 | H53: =E53*H$61 -> 68449951
B54: SUBTOTAL GASTOS ADMINISTRATIVOS | H54: =SUM(H5:H53) -> 2.8767925e+08
B56: VALOR TOTAL COSTOS DIRECTOS DE LA OBRA | H56: =+'Recurso a Administrar '!F232 -> 1.0298283e+09
B57: PORCENTAJE ADMINISTRACIÒN. [A] | F57: =ROUND(H54/H56,4) -> 0.2793 | G57: (A) | H57: =+H54 -> 2.8767925e+08
B58: UTILIDAD. [U] | F58: 0.05 | G58: (U) | H58: =ROUND(H56*F58,0) -> 51491417
B59: SUBTOTAL AU | H59: =+H57+H58 -> 3.3917067e+08
A60: PORCENTAJE TOTAL A.U. | F60: =ROUND(SUM(F57:F58),3) -> 0.329
A61: COSTO TOTAL | H61: =+'Recurso a Administrar '!F232+'Recurso a Administrar '!F234 -> 1.368999e+09

Sheet Subanalisis AU
C1: Cálculo del Subanalisis de AU. Gestión Social, Ambiental, Seguridad y Salud en el Trabajo, PMT y Bioseguridad
A8: 1. COMPONENTE SOCIAL
A9: Accion Social | B9: Programa al cual pertenece en el PASAO | C9: Detalle | D9: CANTIDAD | E9: UNIDAD | F9: Valor Unitario | G9: Valor Total
A10: SOCIALIZACION | B10: Programa de participación ciudadana | C10: Reuniones con comunidad inicio,avance y finde obra. Incluye refrigerio,sitio de reunión,silleteria y medio audiovisual requerido. (100 Personas) | D10: 3 | E10: reunión | F10: 50000 | G10: =+D10*F10 -> 150000
C11: Reuniones y capacitaciones comité ciudadano de obra. Esto incluye refrigerio, sitio de reunión, silleteria y medio audiovisual requerido. | D11: 5 | E11: reunión | F11: 50000 | G11: =+D11*F11 -> 250000
A12: INFORMACION Y DIVULGACION | B12: Programa de información y comunicación a la comunidad | C12: Volantes de obra: papel propalcote mate de 90 gramos, impreso por ambas caras a cuatro tintas, refilados, en tamaño media carta | D12: 5000 | E12: un | F12: 200 | G12: =+D12*F12 -> 1000000
C13: Buzón PQRS | D13: 1 | E13: un | F13: 50000 | G13: =+D13*F13 -> 50000
C14: Carteleras informativas: madera o corcho de 1 metro x 90 cms. | D14: 1 | E14: un | F14: 140000 | G14: =+D14*F14 -> 140000
C15: Pendones institucionales para volquetas. (De 2 x 1 metro) | D15: 10 | E15: un | F15: 90000 | G15: =+D15*F15 -> 900000
A16: ACTAS DE VECINDAD Y DE ENTORNO | B16: Programa restitución de bienes afectados | C16: Actas de vecindad y cierre (Area de influencia directa y cuando se requiera realizar en el área de influencia indirecta). Incluye registro fotográfico, video, físico y digital. | D16: 10 | E16: un | F16: 100000 | G16: =+D16*F16 -> 1000000
A17: TOTAL COMPONENTE SOCIAL | G17: =SUM(G10:G16) -> 3490000
A18: 2. SEGURIDAD INDUSTRIAL Y SALUD EN EL TRABAJO
A19: Accion SST | B19: Programa al cual pertenece en el PASAO | C19: Detalle | D19: CANTIDAD | E19: UNIDAD | F19: Valor Unitario | G19: Valor Total
A20: SEGURIDAD Y SALUD EN EL TRABAJO | B20: Salud Ocupacional | C20: Uniformes de obras estampados | D20: 30 | E20: un | F20: 90000 | G20: =+D20*F20 -> 2700000
C21: Cascos | D21: 30 | E21: un | F21: 24000 | G21: =+D21*F21 -> 720000
C22: Protectores auditivos tipo inserción | D22: 60 | E22: un | F22: 3800 | G22: =+D22*F22 -> 228000
C23: Guantes de carnaza con baqueta | D23: 30 | E23: un | F23: 14800 | G23: =+D23*F23 -> 444000
C24: Guantes dielectricos | D24: 12 | E24: un | F24: 75000 | G24: =+D24*F24 -> 900000
C25: Mascarilla desechable tipo N95 o equivalente para material particulado | D25: 60 | E25: un | F25: 1500 | G25: =+D25*F25 -> 90000
C26: Monogafas | D26: 30 | E26: un | F26: 11000 | G26: =+D26*F26 -> 330000
C27: Chaleco reflectivo naranja | D27: 3 | E27: un | F27: 10000 | G27: =+D27*F27 -> 30000
C28: Botas de caucho | D28: 6 | E28: un | F28: 24000 | G28: =+D28*F28 -> 144000
C29: Carné de identificación | D29: 30 | E29: un | F29: 8500 | G29: =+D29*F29 -> 255000
C30: Arnés multiproposito 4 argollas | D30: 4 | E30: un | F30: 120000 | G30: =+D30*F30 -> 480000
C31: Eslinga doble en Y | D31: 4 | E31: un | F31: 178000 | G31: =+D31*F31 -> 712000
C32: Cuerda Linea de vida comercial 13mm | D32: 60 | E32: ml | F32: 5500 | G32: =+D32*F32 -> 330000
B33: Adecuacion de Campamento | C33: Botiquín Primeros Auxilios | D33: 3 | E33: un | F33: 180000 | G33: =+D33*F33 -> 540000
C34: Camilla de Emergencia Polietileno 185x45cm | D34: 3 | E34: un | F34: 210000 | G34: =+D34*F34 -> 630000
C35: Extintor 30lb con manguera | D35: 3 | E35: un | F35: 100000 | G35: =+D35*F35 -> 300000
C36: Elementos de aseo | D36: 3 | E36: un | F36: 50000 | G36: =+D36*F36 -> 150000
C37: Radios y equipos de telecomunicaciones (par) | D37: 0 | E37: un | F37: 420000 | G37: =+D37*F37 -> 0
C38: Manguera para agua | D38: 4 | E38: un | F38: 7400 | G38: =+D38*F38 -> 29600
C39: Unidades sanitarias portátiles | D39: 6 | E39: un | F39: 450000 | G39: =+D39*F39 -> 2700000
A40: TOTAL SEGURIDAD INDUSTRIAL Y SALUD EN EL TRABAJO | G40: =SUM(G20:G39) -> 11712600
A41: 3. PLAN DE GESTION AMBIENTAL
A42: Accion Ambiental | B42: Programa al cual pertenece en el PASAO | C42: Detalle | D42: CANTIDAD | E42: UNIDAD | F42: Valor Unitario | G42: Valor Total
A43: MANEJO DE AGUAS SUPERFICIALES (LLUVIAS Y RESIDUALES) | B43: Prevencion de la contaminación de cuerpos de agua y redes de servicio publico | C43: Protección de Sumideros con tela verde | D43: 50 | E43: m2 | F43: 5000 | G43: =+F43*D43 -> 250000
C44: Construcción de lavadero de llantas | D44: 0 | E44: un | F44: 250000 | G44: =+F44*D44 -> 0
C45: Caja desarenadora móvil para la concretadora de 1 x 1 m. | D45: 0 | E45: un | F45: 350000 | G45: =+F45*D45 -> 0
C46: Construcción de juego de tanques sedimentadores moviles con canecas de 55 galones, tuberia pvc de 1/2" y 1m de geotextil. | D46: 0 | E46: un | F46: 60000 | G46: =+F46*D46 -> 0
C47: Construcción piscinas de sedimentación | D47: 0 | E47: un | F47: 1250000 | G47: =+F47*D47 -> 0
C48: Construcción trampa de grasas | D48: 0 | E48: un | F48: 375000 | G48: =+F48*D48 -> 0
C49: Obras para el control de escorrentía | D49: 0 | E49: un | F49: 350000 | G49: =+F49*D49 -> 0
A50: MANEJO DE RESIDUOS SOLIDOS | B50: Programa para el manejo de residuos. | C50: Construcción de caseta para el acopio de residuos sólidos comunes (6m2) | E50: un | F50: 200000 | G50: =+F50*D50 -> 0
C51: Canecas de 55 galones para disposición de residuos sólidos (no aprovechables, aprovechables y orgánicos) | D51: 6 | E51: un | F51: 160000 | G51: =+F51*D51 -> 960000
C52: Caneca de 44 litros para residuos peligrosos | D52: 4 | E52: un | F52: 80000 | G52: =+F52*D52 -> 320000
C53: Canecas de 5 galones para disposición de residuos sólidos (oficinas contratista e interventoría y almacén), (no aprovechables, aprovechables y orgánicos) | D53: 6 | E53: un | F53: 20000 | G53: =+F53*D53 -> 120000
C54: Bolsas plásticas para los frentes de obra (no aprovechables, aprovechables y orgánicos) | D54: =5*12*25*2 -> 3000 | E54: un | F54: 400 | G54: =+F54*D54 -> 1200000
C55: Adecuación zona de acopio de combustibles (con rejas, candado y canal perimetral en caso de derrame) | D55: 1 | E55: un | F55: 499999 | G55: =+F55*D55 -> 499999
C56: Recolección de residuos sólidos especiales por parte de una empresa autorizada (m3) | D56: 10 | E56: m3 | F56: 40000 | G56: =+F56*D56 -> 400000
C57: Kit de emergencia para derrames químicos | E57: un | F57: 170003.5 | G57: =+F57*D57 -> 0
C58: Teleras para construcción de acopios de materiales como medida de protección del suelo | D58: 30 | E58: un | F58: 22800 | G58: =+F58*D58 -> 684000
C59: Plásticos y elementos de protección de materiales y escombros | D59: 30 | E59: un | F59: 160000 | G59: =+F59*D59 -> 4800000
C60: Humectación vías, incluye carrotanque y conductor durante todo el tiempo de ejecución de la obra y las horas que la interventoria lo considere necesario. | D60: 0 | E60: mes | F60: 3500000 | G60: =+F60*D60 -> 0
C61: Teleras para cruces y/o senderos peatonales,y para protección de excavaciones | D61: 12 | E61: un | F61: 18650 | G61: =+F61*D61 -> 223800
C62: Disponibilidad de la clínica de atención veterinaria primaria de acuerdo a las actividades de poda, desbroce, rocería y descapote. | D62: 0 | E62: un | F62: 4760000 | G62: =+F62*D62 -> 0
C63: Atencion medica individuo lesionado | D63: 0 | E63: un | F63: 273700 | G63: =+F63*D63 -> 0
C64: Ahuyentamiento reste salvamento y reinserción | D64: 0 | E64: un | F64: 3570000 | G64: =+F64*D64 -> 0
C65: Día de hospital para (1) mamífero* | D65: 0 | E65: un | F65: 95200 | G65: =+F65*D65 -> 0
A66: TOTAL GESTION AMBIENTAL | G66: =SUM(G43:G65) -> 9457799
A67: 4. PLAN DE MANEJO DE TRÁNSITO
C68: Detalle | D68: CANTIDAD | E68: UNIDAD | F68: Valor Unitario | G68: Valor Total
A69: SEÑALES PREVENTIVAS EN OBRAS | B69: SEÑALES REUTILIZABLES EN OTRAS OBRAS | C69: Suministro de señal informativa según ficha técnica marcada como Obra en la vía a 100 m | D69: 0 | E69: un | F69: 278330 | G69: =+D69*F69 -> 0
C70: Suministro de señal informativa móvil según ficha técnica marcada como Fin de Obra | D70: 0 | E70: un | F70: 278330 | G70: =+D70*F70 -> 0
C71: Suministro de señal preventiva móvil según ficha técnica Hombres trabajando | D71: 4 | E71: un | F71: 278330 | G71: =+D71*F71 -> 1113320
C72: Suministro de señal preventiva móvil según ficha técnica reducción de calzada Izquierda | D72: 0 | E72: un | F72: 278330 | G72: =+D72*F72 -> 0
C73: Suministro de señal preventiva móvil según ficha técnica reducción de calzada Derecha | D73: 0 | E73: un | F73: 278330 | G73: =+D73*F73 -> 0
C74: Suministro de señal pare y siga, reflectiva con paral según ficha técnica | D74: 0 | E74: un | F74: 93633 | G74: =+D74*F74 -> 0
C75: Suministro de señal reglamentaria solo disco según ficha técnica Vía Cerrada | D75: 0 | E75: un | F75: 163858 | G75: =+D75*F75 -> 0
C76: Suministro de barrera plastica flexible (maletines de 2x1x0.5m) | D76: 0 | E76: un | F76: 250000 | G76: =+D76*F76 -> 0
C77: Delineador tubular según ficha técnica (Hitos) | D77: 0 | E77: un | F77: 30000 | G77: =+D77*F77 -> 0
B78: SUMINISTRO DE SEÑALES NO REUTILIZABLES EN OTRAS OBRAS | C78: Malla Plástica Naranja (1,40 x 50 metros) | D78: 6 | E78: un | F78: 140000 | G78: =+D78*F78 -> 840000
C79: Polisombra x 100 metros | D79: 1 | E79: un | F79: 170000 | G79: =+D79*F79 -> 170000
C80: Cinta reflectiva de peligro x 500 metros | D80: 6 | E80: un | F80: 19000 | G80: =+D80*F80 -> 114000
C81: Chaleco reflectivo naranja | D81: 0 | E81: un | F81: 10000 | G81: =+D81*F81 -> 0
A82: IMPLEMENTACION DEL PLAN DE MANEJO DE TRANSITO | B82: Dispositivos y Planes de divulgacion a la Comunidad | C82: Ayudantes bandereros (turnos de 8h) | D82: 0 | E82: un | F82: 1014980 | G82: =+D82*F82 -> 0
B83: Permisos de Cierre de Via | C83: Permiso para el cierre de vías en los momentos en que se requiera, ante la autoridad competente | D83: 0 | E83: mes | F83: 1880000 | G83: =+D83*F83 -> 0
A84: TOTAL PLAN DE MANEJO DE TRANSITO | G84: =SUM(G69:G83) -> 2237320
A86: VALOR TOTAL DEL PLAN DE GESTION SOCIAL, AMBIENTAL, SISO -(SISOMA)-, PMT | G86: =+G84+G66+G40+G17 -> 26897719

Sheet CUADRILLAS
B4: DESCRIPCIÓN | C4: SALARIO MENSUAL | D4: VALOR DIA | E4: FACTOR PRESTACIONAL | F4: VALOR DIA CON PRESTACIONES
B5: Ayudante Obra Civil | C5: 1491774.4 | D5: 49725.815 | E5: 0.642 | F5: =D5*(1+E5) -> 81649.788
B6: Ayudante Entendido Obra Civil | C6: 2174895.1 | D6: 72496.505 | E6: 0.5959 | F6: =D6*(1+E6) -> 115697.17
B7: Oficial Obra Civil | C7: 2858197.5 | D7: 95273.252 | E7: 0.573 | F7: =D7*(1+E7) -> 149864.82
B8: Encargado | C8: 3416057.8 | D8: 113868.59 | E8: 0.504 | F8: =D8*(1+E8) -> 171258.36
B10: CUADRILLA RETIRO | E10: CUADRILLA DEMOLICIONES
B11: DESCRIPCIÓN | C11: VALOR DIA CON PRESTACIONES | E11: DESCRIPCIÓN | F11: VALOR DIA CON PRESTACIONES
B12: Ayudante Obra Civil | C12: =+F5 -> 81649.788 | E12: Ayudante Obra Civil | F12: =+F5 -> 81649.788
B13: Ayudante Obra Civil | C13: =+F5 -> 81649.788 | E13: ayuudante entendido | F13: =+F7 -> 149864.82
B14: TOTAL CUADRILLA | C14: =SUM(C12:C13) -> 163299.58
E15: TOTAL CUADRILLA | F15: =SUM(F12:F14) -> 231514.61
B17: CUADRILLA 1 OF+AY | E17: CUADRILLA EXC. PILAS
B18: DESCRIPCIÓN | C18: VALOR DIA CON PRESTACIONES | E18: DESCRIPCIÓN | F18: VALOR DIA CON PRESTACIONES
B19: Ayudante Obra Civil | C19: =+F12 -> 81649.788 | E19: Ayudante Obra Civil | F19: =+F5 -> 81649.788
B20: Oficial Obra Civil | C20: =+F7 -> 149864.82 | E20: Ayudante Obra Civil | F20: =+F19 -> 81649.788
B21: TOTAL CUADRILLA | C21: =SUM(C19:C20) -> 231514.61 | E21: TOTAL CUADRILLA | F21: =SUM(F19:F20) -> 163299.58
B24: CUADRILLA PAVIMENTOS | E24: CUADRILLA ARMADO Y VACIADO DE ESTRUCTURAS
B25: DESCRIPCIÓN | C25: VALOR DIA CON PRESTACIONES | E25: DESCRIPCIÓN | F25: VALOR DIA CON PRESTACIONES
B26: Encargado | C26: =+F8 -> 171258.36 | E26: 1 oficial | F26: =+F7 -> 149864.82
B27: 2 Rastrilleros | C27: =+F6*2 -> 231394.34 | E27: 2 ayudantes | F27: =2*F5 -> 163299.58
B28: Ligador | F28: =+H6 -> 0
B29: 6 ayudantes | C29: =6*F5 -> 489898.73 | F29: =6*H5 -> 0
B30: TOTAL CUADRILLA | C30: =SUM(C26:C29) -> 892551.43 | E30: TOTAL CUADRILLA | F30: =SUM(F26:F29) -> 313164.4
B32: CUADRILLA 3 1 OF + 3 AYUDANTES | E32: CUADRILLA 4 1 OF + 2 AYUDANTES
B33: DESCRIPCIÓN | C33: VALOR DIA CON PRESTACIONES | E33: DESCRIPCIÓN | F33: VALOR DIA CON PRESTACIONES
B34: 1 oficial | C34: =+F7 -> 149864.82 | E34: 1 oficial | F34: =+F7 -> 149864.82
B35: Ayudante | C35: =+F5 -> 81649.788 | E35: Ayudante | F35: =+F5 -> 81649.788
B36: Ayudante | C36: =+C35 -> 81649.788 | E36: Ayudante | F36: =+F35 -> 81649.788
B37: Ayudante | C37: =+C36 -> 81649.788
B38: TOTAL CUADRILLA | C38: =SUM(C34:C37) -> 394814.19 | E38: TOTAL CUADRILLA | F38: =SUM(F34:F37) -> 313164.4
B41: CUADRILLA 5 1 OF + 1 AYU + 1 AY ENTENDIDO | E41: CUADRILLA 6 1 OF + 3 AYU + 2 AY ENTENDIDO
B42: DESCRIPCIÓN | C42: VALOR DIA CON PRESTACIONES | E42: DESCRIPCIÓN | F42: VALOR DIA CON PRESTACIONES
B43: 1 oficial | C43: =+F7 -> 149864.82 | E43: 1 oficial | F43: =+F7 -> 149864.82
B44: Ayudante | C44: =+F5 -> 81649.788 | E44: Ayudante 3 | F44: =3*F5 -> 244949.36
B45: Ayudante Entendido | C45: =+F6 -> 115697.17 | E45: Ayudante Entendido 2 | F45: =2*F6 -> 231394.34
B47: TOTAL CUADRILLA | C47: =SUM(C43:C46) -> 347211.78 | E47: TOTAL CUADRILLA | F47: =SUM(F43:F46) -> 626208.53
B50: CUADRILLA 7 1 OF + 3 AYU + 1 AY ENTENDIDO | E50: CUADRILLA 1 OF+AY ENTENDIDO
B51: DESCRIPCIÓN | C51: VALOR DIA CON PRESTACIONES | E51: DESCRIPCIÓN | F51: VALOR DIA CON PRESTACIONES
B52: 1 oficial | C52: =+F7 -> 149864.82 | E52: Ayudante Obra Civil | F52: =+F6 -> 115697.17
B53: Ayudante 3 | C53: =4*F5 -> 326599.15 | E53: Oficial Obra Civil | F53: =+F7 -> 149864.82
B54: Ayudante Entendido 1 | E54: TOTAL CUADRILLA | F54: =SUM(F52:F53) -> 265562
B56: TOTAL CUADRILLA | C56: =SUM(C52:C55) -> 476463.98

Sheet Tabla Salarial
A1: TABLA SALARIAL
A6: SMMLV (2024) | B6: 1300000
A7: F.P | B7: =D46+1 -> 1.582846
A9: CARGO / EXPERIENCIA | B9: EXPERIENCIA GENERAL (AÑOS) | C9: EXPERIENCIA ESPECIFICA (AÑOS) | D9: N° SMMLV | E9: VALOR SMMLV | F9: SALARIO BASE
A11: DIRECTOR CATEGORIA 1 | B11: 12 | C11: 10 | D11: 14 | E11: =$B$6*D11 -> 18200000 | F11: =E11/$B$7 -> 11498276
A12: DIRECTOR CATEGORIA 2 | B12: 10 | C12: 7 | D12: 10.5 | E12: =$B$6*D12 -> 13650000 | F12: =E12/$B$7 -> 8623706.9
A13: RESIDENTE CATEGORIA 3 | B13: 8 | C13: 5 | D13: 9.5 | E13: =$B$6*D13 -> 12350000 | F13: =E13/$B$7 -> 7802401.5
A14: RESIDENTE CATEGORIA 4 | B14: 6 | C14: 4 | D14: 7.5 | E14: =$B$6*D14 -> 9750000 | F14: =E14/$B$7 -> 6159790.7
A15: RESIDENTE CATEGORIA 5 | B15: 4 | C15: 3 | D15: 6.5 | E15: =$B$6*D15 -> 8450000 | F15: =E15/$B$7 -> 5338485.2
A16: RESIDENTE CATEGORIA 6 | B16: 3 | C16: 1 | D16: 6 | E16: =$B$6*D16 -> 7800000 | F16: =E16/$B$7 -> 4927832.5
A17: RESIDENTE CATEGORIA 7 | B17: 2 | C17: - | D17: 5 | E17: =$B$6*D17 -> 6500000 | F17: =E17/$B$7 -> 4106527.1
A18: RESIDENTE CATEGORIA 8 | B18: < 2 | C18: - | D18: 4.5 | E18: =$B$6*D18 -> 5850000 | F18: =E18/$B$7 -> 3695874.4
A19: TECNOLOGO AREA DE INGENIERIA | B19: - | C19: - | D19: 4 | E19: =$B$6*D19 -> 5200000 | F19: =E19/$B$7 -> 3285221.7
A20: AUXILIAR DE INGENIERIA | B20: - | C20: - | D20: 3.5 | E20: =$B$6*D20 -> 4550000 | F20: =E20/$B$7 -> 2874569
A21: ENCARGADO DE OBRA | B21: - | C21: - | D21: 3.5 | E21: =$B$6*D21 -> 4550000 | F21: =E21/$B$7 -> 2874569
A22: ALMACENISTA | B22: - | C22: - | D22: 2.5 | E22: =$B$6*D22 -> 3250000 | F22: =E22/$B$7 -> 2053263.6
A23: SECRETARIA | B23: - | C23: - | D23: 2 | E23: =$B$6*D23 -> 2600000 | F23: =E23/$B$7 -> 1642610.8
A25: PRESTACIONES, SEGURIDAD SOCIAL Y PARAFISCALES AÑOS 2024
A27: SEGURIDAD SOCIAL | C27: % TOTAL | D27: % EMPLEADOR | E27: % EMPLEADO
A28: SALUD | C28: =+D28+E28 -> 0.125 | D28: 0.085 | E28: 0.04
A29: PENSIONES | C29: =+D29+E29 -> 0.16 | D29: 0.12 | E29: 0.04
A30: RIESGOS | C30: =+D30+E30 -> 0.0696 | D30: 0.0696 | E30: 0
A31: TOTAL | C31: =SUM(C28:C30) -> 0.3546 | D31: =SUM(D28:D30) -> 0.2746 | E31: =SUM(E28:E30) -> 0.08
A33: PARAFISCALES | C33: % TOTAL | D33: % EMPLEADOR | E33: % EMPLEADO
A34: SENA | C34: =+D34+E34 -> 0.02 | D34: 0.02 | E34: 0
A35: ICBF | C35: =+D35+E35 -> 0.03 | D35: 0.03 | E35: 0
A36: CAJA DE COMPENSACION | C36: =+D36+E36 -> 0.04 | D36: 0.04 | E36: 0
A37: TOTAL | C37: =SUM(C34:C36) -> 0.09 | D37: =SUM(D34:D36) -> 0.09 | E37: 0
A39: PRESTACIONES SOCIALES | C39: % TOTAL | D39: % EMPLEADOR | E39: % EMPLEADO
A40: CESANTIAS | C40: 0.0833 | D40: 0.0833 | E40: 0
A41: INTERESES CESANTIAS | C41: =+C40*0.12 -> 0.009996 | D41: =+D40*0.12 -> 0.009996 | E41: 0
A42: VACACIONES | C42: 0.04165 | D42: 0.04165 | E42: 0
A43: PRIMA | C43: 0.0833 | D43: 0.0833 | E43: 0
A44: TOTAL | C44: =SUM(C40:C43) -> 0.218246 | D44: =SUM(D40:D43) -> 0.218246 | E44: 0
A46: ACUMULADO SEGURIDAD SOCIAL + PRESTACIONES SOCIALES | C46: =+C31+C37+C44 -> 0.662846 | D46: =+D31+D37+D44 -> 0.582846 | E46: =+E31+E37+E44 -> 0.08
